Map: Proxima Station LE

Players

ByuN - Winner!

  • Race: Terran Terran
  • Spawn Location: 7:00

Zest

  • Race: Protoss Protoss
  • League: Master
  • Spawn Location: 1:00

Event: HomeStory Cup XV

VOD

Have the link to the VOD?

Description

Time

  • Played on: July 23, 2017, 4:28 p.m.
  • Length: 7:28

All games in this series

Show
View Real Time Build Order
Export as new Build Order

ByuN Terran - Winner!

Build Orders: MMM Bio 

Get SALT Encoding   

  12  0:00  SCV  
  13  0:12  SCV  
  14  0:17  Supply Depot  
  14  0:24  SCV  
  15  0:39  SCV  
  15  0:40  Barracks  
  16  0:44  Refinery  
  16  0:51  SCV  
  17  1:03  SCV  
  18  1:15  SCV  
  19  1:27  Marine, Orbital Command  
  20  1:41  Command Center  
  20  1:51  Factory  
  20  1:55  SCV  
  20  2:00  Refinery  
  21  2:03  Barracks Reactor  
  21  2:07  SCV  
  22  2:13  Supply Depot  
  22  2:19  SCV  
  23  2:35  SCV, Starport  
  24  2:42  Widow Mine x2  
  28  2:47  Barracks Tech Lab, SCV  
  29  2:52  Orbital Command  
  29  2:59  SCV  
  30  3:10  Widow Mine  
  30  3:11  SCV, Widow Mine  
  35  3:23  SCV x2  
  35  3:26  Supply Depot  
  37  3:33  Banshee  
  40  3:35  SCV x2  
  40  3:36  Supply Depot  
  42  3:47  SCV  
  42  3:48  SCV  
  44  3:53  Barracks Tech Lab  
  44  4:00  Barracks  
  44  4:02  SCV x2  
  46  4:05  Factory Reactor  
  46  4:06  Barracks  
  46  4:11  Engineering Bay  
  46  4:12  Marine  
  46  4:14  SCV x2  
  52  4:18  Raven  
  51  4:24  Refinery  
  51  4:26  SCV x2  
  51  4:29  Supply Depot  
  51  4:30  Marine  
  54  4:38  SCV x2  
  56  4:48  Marine, Terran Infantry Weapons Level 1  
  56  4:50  SCV x2  
  56  4:52  Stimpack, Supply Depot  
  59  4:53  Marine  
  59  4:54  Marine  
  59  4:56  Factory Reactor  
  59  4:58  Supply Depot  
  61  5:02  SCV  
  61  5:03  SCV  
  61  5:06  Marauder, Marine  
  66  5:08  Combat Shields  
  66  5:11  Marine x2  
  68  5:22  Supply Depot  
  68  5:24  Marauder  
  68  5:28  Marauder  
  74  5:29  Marine x2, Supply Depot  
  74  5:34  Command Center  
  74  5:38  Medivac  
  74  5:39  Medivac  
  78  5:45  Marauder  
  78  5:46  Supply Depot  
  78  5:49  Marine x2  
  80  5:52  Marauder  
  82  5:59  SCV x2  
  84  6:07  Marauder  
  84  6:08  Marine x2  
  84  6:09  Barracks  
  84  6:10  Barracks  
  88  6:13  Marauder  
  88  6:15  Medivac  
  88  6:16  Medivac  
  94  6:24  SCV x2, Refinery  
  96  6:28  Marauder, Concussive Shells  
  96  6:31  Marine x2  
  100  6:35  Marauder  
  100  6:36  SCV x2  
  104  6:42  Supply Depot  
  104  6:48  SCV x2  
  104  6:49  Marauder, Marine x2  
  104  6:50  Orbital Command  
  110  6:59  Barracks Tech Lab  
  110  7:00  SCV x2  
  114  7:08  Marine x2  
  114  7:12  SCV x2  
Show
View Real Time Build Order
Export as new Build Order

Zest Protoss 

Build Orders: 1 Gate Expand, Colossus Rush 

Get SALT Encoding   

  12  0:00  Probe (Chrono Boost)  
  13  0:11  Probe (Chrono Boost)  
  14  0:17  Pylon  
  14  0:21  Probe (Chrono Boost)  
  16  0:35  Probe (Chrono Boost)  
  16  0:36  Gateway  
  16  0:46  Probe (Chrono Boost)  
  16  0:47  Assimilator  
  17  0:57  Probe (Chrono Boost)  
  18  1:07  Probe (Chrono Boost)  
  19  1:21  Nexus  
  19  1:31  Cybernetics Core  
  19  1:34  Probe (Chrono Boost)  
  19  1:39  Assimilator  
  20  1:44  Probe (Chrono Boost)  
  21  1:49  Pylon  
  21  1:55  Probe (Chrono Boost)  
  22  2:05  Probe (Chrono Boost)  
  22  2:07  Adept (Chrono Boost)  
  22  2:08  Warp Gate  
  25  2:17  Probe  
  26  2:24  Robotics Facility  
  26  2:29  Probe (Chrono Boost)  
  27  2:33  Probe (Chrono Boost)  
  28  2:40  Probe (Chrono Boost)  
  28  2:44  Probe (Chrono Boost)  
  30  2:45  Stalker  
  34  2:51  Mothership Core (Chrono Boost)  
  34  2:54  Probe (Chrono Boost)  
  35  3:04  Probe (Chrono Boost)  
  36  3:09  Probe (Chrono Boost)  
  36  3:11  Observer (Chrono Boost)  
  38  3:15  Probe, Gateway  
  38  3:16  Gateway  
  39  3:21  Probe  
  39  3:25  Probe  
  40  3:29  Pylon  
  40  3:30  Observer (Chrono Boost)  
  40  3:31  Pylon  
  42  3:35  Probe  
  42  3:36  Probe  
  44  3:43  Assimilator  
  44  3:46  Assimilator  
  44  3:47  Probe  
  44  3:48  Probe  
  46  3:57  Robotics Bay  
  46  3:58  Probe  
  46  4:00  Probe  
  48  4:08  Probe  
  48  4:10  Stalker x2  
  48  4:12  Probe  
  48  4:13  Adept  
  56  4:18  Observer (Chrono Boost)  
  56  4:19  Probe  
  58  4:24  Probe  
  59  4:31  Probe, Pylon  
  59  4:36  Probe  
  60  4:46  Stalker  
  60  4:48  Probe  
  60  4:49  Probe  
  60  4:51  Stalker  
  66  4:54  Stalker  
  68  5:03  Pylon x2  
  68  5:06  Twilight Council  
  68  5:10  Forge  
  73  5:21  Colossus (Chrono Boost)  
  73  5:22  Forge  
  73  5:29  Probe  
  73  5:30  Probe  
  75  5:42  Extended Thermal Lance  
  75  5:49  Nexus  
  75  6:08  Colossus (Chrono Boost)  
  75  6:11  Pylon x2  
  81  6:20  Probe x2  
  83  6:26  Gateway x2  
  83  6:31  Gateway  
  83  6:35  Pylon  
  83  6:36  Sentry  
  83  6:39  Probe x2  
  87  6:51  Probe  
  88  6:59  Pylon  
  88  7:01  Pylon  
  93  7:09  Pylon  
  93  7:12  Stalker  
  93  7:13  Stalker x2  
Tags
 
Add a new tag
Caveats
  • Supply blocks, unpowered buildings, or Contaminate may cause inaccurate times.
  • Supply counts are checked every 10 seconds.